 Dungeon Crawl Stone Soup version 0.24-a0-462-ge24419a6ad (console) character file.

Game seed: 234507699369836855

40 Lexodia the Vexing (level 3, -2/24 HPs)
             Began as a Demonspawn Enchanter on July 1, 2019.
             Slain by an orc
             ... wielding a +0 hand axe
              (5 damage)
             ... on level 4 of the Dungeon.
             The game lasted 00:02:27 (1129 turns).

Lexodia the Vexing (Demonspawn Enchanter)           Turns: 1129, Time: 00:02:27

Health: -2/24      AC:  2    Str:  8    XL:     3   Next: 30%
Magic:  0/6        EV: 12    Int: 16    God:
Gold:   15         SH:  0    Dex: 14    Spells: 3/6 levels left

rFire    . . .     SeeInvis .   (no weapon)
rCold    . . .     Gourm    .   (no shield)
rNeg     . . .     Faith    .   b - +0 robe
rPois    .         Spirit   .   (no helmet)
rElec    .         Reflect  .   (no cloak)
rCorr    .         Harm     .   (no gloves)
MR       .....                  (no boots)
Stlth    ++........             (no amulet)
HPRegen  0.08/turn              (no ring)
MPRegen  0.10/turn              (no ring)

@: no status effects
A: claws 2
a: no special abilities


You were on level 4 of the Dungeon.
You were not hungry.

You visited 1 branch of the dungeon, and saw 4 of its levels.

You collected 15 gold pieces.

Inventory:

Hand Weapons
 a - a +1 dagger
Missiles
 c - 4 boomerangs (quivered)
Armour
 b - a +0 robe (worn)
Scrolls
 e - a scroll of remove curse {unknown}
 f - a scroll of magic mapping {unknown}
 g - 4 scrolls of identify {unknown}
 h - a scroll of fog {unknown}
Comestibles
 d - 4 rations
 i - 4 chunks of flesh


   Skills:
 - Level 1.0 Short Blades
 - Level 2.0 Dodging
 + Level 3.1 Stealth
 + Level 0.7 Unarmed Combat
 + Level 2.3 Spellcasting
 + Level 3.3 Hexes


You had 3 spell levels left.
You knew the following spells:

 Your Spells              Type           Power        Failure   Level  Hunger
a - Corona                Hex            ##.....      4%          1    #......
b - Ensorcelled Hibernat  Hex/Ice        #.....       16%         2    ###....

Your spell library contained the following spells:

 Spells                   Type           Power        Failure   Level  Hunger
 Confuse                  Hex            ##......     16%         3    ###....
 Tukima's Dance           Hex            ##......     16%         3    ###....
 Dazzling Spray           Conj/Hex       #.....       30%         3    ###....
 Cause Fear               Hex            ##........   45%         4    #####..
 Silence                  Hex/Air        #.........   95%         5    ######.
 Yara's Violent Unravell  Hex/Tmut       #.........   95%         5    ######.
 Deflect Missiles         Chrm/Air       #.........   100%        6    #######
 Discord                  Hex            ##........   100%        8    #######


Dungeon Overview and Level Annotations

Branches:
Dungeon (4/15)
 Temple: D:4-7

Altars:


Innate Abilities, Weirdness & Mutations

You have very sharp fingernails.


Message History

The orc resists with significant effort.
Casting: Ensorcelled Hibernation (safe; 16% risk of failure)
Confirm with . or Enter, or press ? or * to list all spells.
Aiming: Corona (safe; 4% risk of failure)
Press: ? - help, Shift-Dir - straight line, f/p - orc
Aim: an orc, wielding a +0 hand axe and wearing a +0 leather armour (lightly wounded, chance to defeat MR: 66%)
The orc barely resists.
The orc closely misses you.
You barely miss the orc.
The orc is lightly wounded.
The orc hits you with a +0 hand axe.
* * * LOW HITPOINT WARNING * * *
Huge Dmg: -4%(-1hp) hp: 13%(3hp)
You aren't carrying any potions.
Press: ? - help, v - describe, . - travel, g - get item 12 gold pieces.
The floor.
You scratch the orc priest.
The orc priest is moderately wounded.
The orc priest misses you. The orc hits you with a +0 hand axe.
You die...

#...#...##..#..
#...#...#$.oo..
........#⌠.....
........# #.......# #
#.......## .#
#........#########.#
#................o.#.##.
..........###...@o......
###.....................
##(..#..#####.###.....
........# #.# .##.
..#.##..## #.# #
..#.##..# #.. #.#.#.#
#.# #.


You could see an orc priest and an orc.

Vanquished Creatures
  An adder (D:2)
  2 oozes
  3 worms
  A dart slug (D:2)
  2 bats (D:2)
  2 giant cockroaches
  2 frilled lizards
  2 kobolds
15 creatures vanquished.

Notes
Turn   | Place    | Note
-------+----------+-------------------------------------------
     0 | D:1      | Lexodia the Demonspawn Enchanter began the quest for the
                  | Orb.
     0 | D:1      | Reached XP level 1. HP: 13/13 MP: 3/3
   156 | D:2      | Huge Dmg: 2 dmg
   159 | D:2      | Reached skill level 1 in Short Blades
   159 | D:2      | Gained mutation: You have sharp fingernails. [demonic
                  | ancestry]
   159 | D:2      | Reached XP level 2. HP: 9/19 MP: 3/5
   233 | D:2      | Huge Dmg: 4 dmg
   474 | D:2      | Huge Dmg: 4 dmg
   476 | D:2      | Huge Dmg: 10 dmg
   488 | D:2      | Learned a level 2 spell: Ensorcelled Hibernation
   675 | D:3      | Huge Dmg: 6 dmg
   676 | D:3      | Huge Dmg: 4 dmg
   677 | D:3      | Gained mutation: You have very sharp fingernails. [demonic
                  | ancestry]
   677 | D:3      | Reached XP level 3. HP: 5/24 MP: 1/6
  1073 | D:4      | Huge Dmg: 7 dmg
  1080 | D:4      | Huge Dmg: 5 dmg
  1125 | D:4      | Huge Dmg: 8 dmg
  1126 | D:4      | Huge Dmg: 2 dmg
  1129 | D:4      | Huge Dmg: 1 dmg
  1129 | D:4      | Slain by an orc

Levels and vault maps discovered:
D:1:      elethiomel_arrival_quiet, layout_basic, serial_glass, glass_columns_a,
          glass_columns_b, minmay_misc_feat_four_crosses, minivault_11,
          grunt_decor_cap
D:2:      layout_basic, nicolae_overflow_crystal_walls,
          overflow_temple_1_default, chequers_serial_rivers_large_a
D:3:      layout_basic, nicolae_overflow_quartered_altars, first_ration,
          fedhas_altar_1
D:4:      cheibrodos_pilgrimage, layout_basic, portal_sewer_entry_e, uniq_ijyb

Skill      XL: |  1  2 |
---------------+-------+-----
Short Blades   | 1 |  1.0
Dodging        | 2 |  2.0
Stealth        | 3 |  3.1
Unarmed Combat | |  0.7
Spellcasting   | |  2.3
Hexes          | |  3.3

Action                   || total
-------------------------++-------
Melee: Dagger            ||    59
       Unarmed           ||    17
 Cast: Corona            ||     5
       Ensorcelled Hiber ||     7
 Stab: Sleeping          ||     8
  Eat: Chunk             ||     1
Armor: Robe              ||    19
Dodge: Dodged            ||    41

Table legend:
 A = Non-vault XP
 B = Vault XP
 C = Vault XP percentage of total XP
 D = Non-vault monster count
 E = Vault monster count
 F = Vault count percentage of total count
                 A         B        C        D         E       F
            +---------+---------+-------+---------+---------+-------
      Total |      58 |       0 |   0.0 |      15 |       0 |   0.0
            +---------+---------+-------+---------+---------+-------
        D:1 |       1 |       0 |   0.0 |       1 |       0 |   0.0
        D:2 |      35 |       0 |   0.0 |       8 |       0 |   0.0
        D:3 |      15 |       0 |   0.0 |       4 |       0 |   0.0
        D:4 |       7 |       0 |   0.0 |       2 |       0 |   0.0
            +---------+---------+-------+---------+---------+-------
